 Dungeon Crawl Stone Soup version 0.30.0-19-g36f170ea60 (webtiles) character file.

Game seed: 17297120045869147653

120039 Getoffmy the Fencer (level 16, -18/120 HPs)
             Began as an Armataur Fighter on May 17, 2023.
             Was the Champion of Hepliaklqana.
             Demolished by an Ice Fiend (20 damage)
             ... in an ice cave on May 27, 2023.
             The game lasted 01:30:34 (29303 turns).

Getoffmy the Fencer (Armataur Fighter)             Turns: 29303, Time: 01:30:35

Health: -18/120    AC: 26    Str: 32    XL:     16   Next: 29%
Magic:  0/25       EV:  7    Int: 10    God:    Hepliaklqana [******]
Gold:   451        SH:  9    Dex: 11    Spells: 15/15 levels left

rFire   . . .        j - +2 double sword (drain)
rCold   + . .        m - +2 buckler {rC+}
rNeg    . . .        H - +3 plate armour {rPois}
rPois   +            X - +1 hat
rElec   .            y - +2 cloak
rCorr   .            a - +2 pair of gloves {infuse}
SInv    .            (no barding)
Will    +....        i - amulet of guardian spirit Stlth
                     F - ring "Ilobe" {Fly Str+6 Dex-5 Stlth+}
HPRegen 0.40/turn    G - +6 ring of dexterity
MPRegen 0.19/turn

%: guardian spirit, roll
@: about to teleport, flying, studying 2 skills
A: reduced essence, large, rugged brown scales 3, deformed body, armoured tail,
roll, long tongue, awkward tongue, frail 1, weak 1
a: Renounce Religion, Recall Ancestor, Ancestor Identity, Transference, Idealise


You were in an ice cave.
You worshipped Hepliaklqana.
Hepliaklqana was exalted by your worship.
You visited 3 branches of the dungeon, and saw 22 of its levels.
You visited the Abyss 2 times.
You also visited: Ossuary, Bailey and Ice Cave.

You collected 2697 gold pieces.
You spent 2246 gold pieces at shops.

Inventory:

Hand Weapons
 j - a +2 double sword of draining (weapon)
 w - a +2 vampiric scimitar
Missiles
 f - 4 throwing nets
 u - 8 boomerangs
 C - 48 poisoned darts
Armour
 a - a +2 pair of gloves of infusion (worn)
 m - a +2 buckler of cold resistance (worn)
 s - a +5 kite shield
 y - a +2 cloak (worn)
 H - a +3 plate armour of poison resistance (worn)
 X - a +1 hat (worn)
Jewellery
 i - an amulet of guardian spirit (around neck)
 l - a ring of protection from fire
 n - a +4 ring of protection
 D - a ring of poison resistance
 F - the ring "Ilobe" (left hand) {Fly Str+6 Dex-5 Stlth+}
   (You bought it in a shop on level 2 of the Orcish Mines)

   [ring of flight]

   Str:       It affects your strength (+6).
   Dex:       It affects your dexterity (-5).
   Fly:       It grants you flight.
   Stlth:     It makes you more stealthy.
 G - a +6 ring of dexterity (right hand)
 I - an amulet of faith
 K - a ring of see invisible
 T - a +5 ring of evasion
 V - an amulet of regeneration
Wands
 d - a wand of flame (17)
 e - a wand of roots (10)
 r - a wand of charming (5)
 U - a wand of digging (2)
Scrolls
 g - 9 scrolls of fog
 k - 7 scrolls of teleportation
 p - 24 scrolls of identify
 B - 5 scrolls of amnesia
 M - 4 scrolls of poison
 O - 3 scrolls of blinking
 S - a scroll of immolation
 Y - 3 scrolls of noise
Potions
 h - 2 potions of ambrosia
 o - 4 potions of magic
 q - 3 potions of cancellation
 t - 4 potions of brilliance
 v - 9 potions of curing
 x - 3 potions of mutation
 z - 7 potions of attraction
 N - 3 potions of flight
 P - a potion of lignification


   Skills:
 + Level 11.6 Fighting
 - Level 16.0 Long Blades
 + Level 14.9 Armour
 * Level 1.7 Dodging
 + Level 13.7 Shields
 - Level 12.3 Invocations


You had 15 spell levels left.
You didn't know any spells.
Your spell library contained the following spells:

 Spells                   Type           Power      Damage    Failure   Level
 Shock                    Conj/Air       0%         1d3       90%         1
 Slow                     Hex            0%         N/A       90%         1
 Cigotuvi's Dreadful Rot  Necr/Pois/Air  0%         N/A       97%         2
 Static Discharge         Conj/Air       0%         2-2/arc   97%         2
 Sublimation of Blood     Necr           0%         N/A       97%         2
 Wereblood                Tmut           0%         N/A       97%         2
 Call Canine Familiar     Summ           0%         N/A       99%         3
 Confusing Touch          Hex            0%         N/A       99%         3
 Frozen Ramparts          Ice            0%         1d1       99%         3
 Gell's Gravitas          Tloc           0%         N/A       99%         3
 Ignite Poison            Fire/Tmut/Pois 0%         N/A       99%         3
 Portal Projectile        Hex/Tloc       0%         N/A       99%         3
 Swiftness                Air            0%         N/A       99%         3
 Teleport Other           Tloc           0%         N/A       99%         3
 Tukima's Dance           Hex            0%         N/A       99%         3
 Vampiric Draining        Necr           0%         2d6       99%         3
 Volatile Blastmotes      Fire/Tloc      0%         2d10      99%         3
 Airstrike                Air            0%         2d(0-16)  100%        4
 Fulminant Prism          Conj/Hex       0%         3d5       100%        4
 Ice Form                 Ice/Tmut       0%         N/A       100%        4
 Iskenderun's Mystic Bla  Conj/Tloc      0%         2d3       100%        4
 Leda's Liquefaction      Hex/Erth       0%         N/A       100%        4
 Passage of Golubria      Tloc           0%         N/A       100%        4
 Petrify                  Tmut/Erth      0%         N/A       100%        4
 Summon Ice Beast         Ice/Summ       0%         N/A       100%        4
 Arcjolt                  Conj/Air       0%         1d10      100%        5
 Freezing Cloud           Conj/Ice/Air   0%         6-21      100%        5
 Lee's Rapid Deconstruct  Erth           0%         3d4*      100%        5
 Metabolic Englaciation   Hex/Ice        0%         N/A       100%        5
 Yara's Violent Unravell  Hex/Tmut       0%         3d3       100%        5
 Dispersal                Tloc           0%         N/A       100%        6
 Statue Form              Tmut/Erth      0%         N/A       100%        6
 Summon Hydra             Summ           0%         N/A       100%        7


Dungeon Overview and Level Annotations

Branches:
Dungeon (15/15)            Temple (0/1) D:7            Lair (5/5) D:9
  Swamp (0/4) Lair:2        Snake (0/4) Lair:3        Slime (0/5) Lair:5
    Orc (2/2) D:11            Elf (0/3) Orc:2        Vaults (0/5) D:13
 Depths (0/4) D:15        Ossuary (visited)          Bailey (visited)
  IceCv (1/1)

Altars:
Gozag
Hepliaklqana
Sif Muna
Trog
Uskayaw
Wu Jian
Jiyva

Shops:
D:3 *   D:5 (   D:7 ?   D:14 [   Orc:2 :(=!

Portals:
Abyss: Lair:2


Innate Abilities, Weirdness & Mutations

Your life essence is reduced to manifest your ancestor. (-10% HP)
You are completely covered in rugged brown scales. (AC +3, +7% HP)
Armour fits poorly on your strangely shaped body.
You have a long armoured tail.
You roll when moving toward enemies. (Rampage)
Your long tongue fully drains potion bottles. (2x potion effects)
Your tongue gives you trouble enunciating. (1.5x scroll delay)
You are frail. (-10% HP)
You are weak. (Str -2)


Message History

The freezing wraith hits you but does no damage.
The freezing wraith attacks as you move away!
The freezing wraith hits you but does no damage. x2
The Ice Fiend calls on the powers of darkness!
Your body is wracked with pain!
* * * LOW HITPOINT WARNING * * *
As you slowly read the scroll of teleportation, it crumbles to dust.
You feel strangely unstable. The Ice Fiend gestures at you.
The bolt of cold hits Cletus!!
Cletus resists.
Cletus is destroyed!
You block the freezing wraith's attack.
The freezing wraith hits you but does no damage.
The Ice Fiend gestures at you.
The bolt of cold hits the freezing wraith.
The freezing wraith completely resists.
The bolt of cold misses you.
The freezing wraith completely misses you.
The freezing wraith hits you but does no damage.
The Ice Fiend calls on the powers of darkness!
Your body is wracked with pain!
* * * LOW HITPOINT WARNING * * *
You roll towards the Ice Fiend!
The freezing wraith attacks as you move away!
You block the freezing wraith's attack. x2
The Ice Fiend gestures at you. The bolt of cold hits you! You resist.
* * * LOW HITPOINT WARNING * * *
The bolt of cold hits the freezing wraith.
The freezing wraith completely resists.
Your surroundings seem slightly different.
The Ice Fiend calls on the powers of darkness!
Your body is wracked with pain!
* * * LOW HITPOINT WARNING * * *
As you slowly read the scroll of teleportation, it crumbles to dust.
You feel strangely unstable. The Ice Fiend attacks as you move away!
The Ice Fiend claws you!
* * * LOW HITPOINT WARNING * * *
The Ice Fiend freezes you!! You resist.
You die...

## ..§°☼ ## ###§.
.○○##.##
####.....#..§○..#
###..#.§...#....# ##
##.....###..#..###§..#
##...........#.....°☼§§
#.......##......##..☼○§
##.......##......###§.§
##....@..#........#.≈§
##...1..####..##.....
###.....1...##....##
###..W........###
##......○○.### #
###...######°§.####
##...### #§.☼###..
##...#########.##....
##...##)..##.........#


You could see 2 Ice Fiends and a freezing wraith.

Vanquished Creatures
  Jorgrun (Orc:1)
  Gastronok (Lair:2)
  3 very ugly things (Abyss:2)
  A spark wasp (shapeshifter) (D:13)
  A bunyip (Abyss:2)
  3 hydras
  Erica (Orc:1)
  A boulder beetle (D:13)
  A merfolk avatar (Lair:5)
  7 centaur warriors
  The ghost of Kazon the Covert, a journeyman OpBr of Okawaru (Lair:2)
  9 death yaks
  A two-headed ogre (D:13)
  A deep troll earth mage (D:13)
  Urug (D:11)
  A hell hog (Lair:2)
  3 orc high priests (Orc:2)
  Nergalle (Orc:1)
  Sonja (Orc:1)
  2 skysharks
  A sixfirhy (Abyss:2)
  A skeletal warrior (D:13)
  A sea snake (Lair:5)
  A flayed ghost (D:13)
  An obsidian statue (IceCv)
  An orange crystal statue (IceCv)
  A lindwurm (Lair:5)
  A bog body (IceCv)
  2 spriggan simulacra (IceCv)
  Pikel (D:8)
  3 deep elf pyromancers
  7 orc knights
  4 manticores
  13 ugly things
  3 cyclopes
  A worldbinder (Abyss:2)
  6 orc sorcerers
  2 elephants (Lair:5)
  Maggie (Lair:2)
  A black mamba (Lair:2)
  12 cane toads
  A torpor snail (Lair:4)
  A guardian serpent (Abyss:2)
  3 gargoyles
  4 centaur skeletons (D:13)
  Psyche (D:8)
  An unseen horror (D:13)
  2 rime drakes
  A tengu conjurer (D:13)
  3 ice devils (IceCv)
  A tormentor (Abyss:2)
  5 freezing wraiths (IceCv)
  5 komodo dragons
  6 yaktaurs (D:13)
  9 trolls
  2 polar bears (Lair:5)
  2 hornets
  9 blink frogs
  17 slime creatures
  A shadow (D:11)
  3 wraiths
  10 spriggans
  4 wyverns
  A dire elephant simulacrum (IceCv)
  A large abomination (Abyss:2)
  5 vampires
  A neqoxec (Abyss:2)
  26 yaks
  Eustachio (D:5)
  3 basilisks
  A hog (shapeshifter) (D:14)
  3 minotaur simulacra (IceCv)
  2 steam dragons
  5 vampire mosquitoes
  Menkaure (D:7)
  A harpy simulacrum (IceCv)
  2 small abominations (Abyss:2)
  3 wargs
  An acid dragon (D:10)
  2 floating eyes (D:10)
  2 nagas (Lair:3)
  4 water moccasins
  3 ice beasts
  An alligator simulacrum (IceCv)
  29 orc warriors
  2 sky beasts (D:8)
  2 black bears
  7 wolves
  19 centaurs
  A boggart (D:13)
  4 ogres
  4 kobold brigands
  12 bullfrogs
  2 deep troll simulacra (IceCv)
  5 gnoll sergeants
  2 scorpions
  An elf zombie (Ossuary)
  3 wights (D:8)
  7 killer bees
  A lindwurm simulacrum (IceCv)
  6 howler monkeys
  4 electric eels
  3 centaur zombies (Ossuary)
  6 jellies
  22 orc priests
  4 hounds
  A starcursed mass (Abyss:2)
  2 human zombies (Ossuary)
  An iron imp (Abyss:2)
  2 gnoll boudas
  An iguana (D:6)
  A sleepcap (D:5)
  22 orc wizards
  Natasha (thrice) (D:3)
  4 hound zombies (Ossuary)
  4 mummies
  25 gnolls
  6 adders
  2 shadow imps
  A white imp (D:6)
  An ufetubus (D:7)
  A worm (D:3)
  3 dart slugs
  41 orcs
  6 ball pythons
  8 endoplasms
  3 giant cockroaches
  A gnoll zombie (Ossuary)
  8 goblins
  7 hobgoblins
  4 jackals (D:3)
  22 kobolds
  8 quokkas
  3 bats
  3 frilled lizards (D:1)
  10 goblin zombies (Ossuary)
  3 hobgoblin zombies (Ossuary)
  3 jackal zombies (Ossuary)
  3 kobold zombies (Ossuary)
  2 quokka zombies (Ossuary)
  4 rats
  3 rat zombies (Ossuary)
633 creatures vanquished.

Vanquished Creatures (collateral kills)
  2 hydras
  2 catoblepae
  4 centaur warriors
  2 two-headed ogres
  An orc high priest (Orc:2)
  A lindwurm (Lair:3)
  An orc knight (Orc:2)
  A cyclops (D:13)
  A black mamba (Lair:2)
  3 cane toads
  A rime drake (shapeshifter) (D:13)
  An ice devil (IceCv)
  2 komodo dragons
  A freezing wraith (IceCv)
  An ancient zyme (Lair:2)
  2 polar bears
  A troll (D:10)
  A wind drake (Lair:5)
  A hornet (shapeshifter) (D:14)
  2 blink frogs (Lair:4)
  Sigmund (D:5)
  3 slime creatures (D:13)
  A fire bat (shapeshifter) (D:15)
  A vampire (D:9)
  10 yaks
  A basilisk (Lair:4)
  2 vampire mosquitoes
  2 wargs
  A naga (Lair:3)
  3 water moccasins
  A floating eye (D:10)
  5 orc warriors
  3 sky beasts
  A wolf (Lair:1)
  A centaur (D:13)
  A kobold brigand (D:9)
  2 bullfrogs
  A wight (D:8)
  A killer bee (D:9)
  2 howler monkeys (D:8)
  3 electric eels (D:12)
  An orc priest (Orc:2)
  A hound (D:5)
  A jelly (Lair:5)
  An iguana (D:5)
  8 orc wizards
  3 gnolls
  An adder (D:6)
  An ufetubus (D:5)
  12 orcs
  2 goblins (D:8)
  A kobold (D:9)
109 creatures vanquished.

Vanquished Creatures (others)
  A wizard (D:14)
  A cane toad (Lair:5)
  A komodo dragon (Lair:5)
  A polar bear (Lair:5)
  A hornet (Lair:5)
  2 blink frogs (Lair:5)
  A wolf (Lair:5)
  2 jellies (Lair:5)
  An orc wizard (Orc:2)
  21 hexers
  An ancestor (D:5)
  A goblin (D:8)
  A kobold (D:4)
35 creatures vanquished.

Grand Total: 777 creatures vanquished

Notes
Turn   | Place    | Note
-------+----------+-------------------------------------------
     0 | D:1      | Getoffmy the Armataur Fighter began the quest for the Orb.
     0 | D:1      | Reached XP level 1. HP: 19/19 MP: 1/1
    93 | D:1      | Reached skill level 2 in Long Blades
   150 | D:1      | Reached XP level 2. HP: 26/26 MP: 2/2
   510 | D:1      | Reached XP level 3. HP: 32/32 MP: 3/3
   663 | D:1      | Found a faded altar of an unknown god.
  1584 | D:3      | Noticed Natasha
  1602 | D:3      | Killed Natasha
  1603 | D:3      | Reached XP level 4. HP: 33/40 MP: 2/4
  1646 | D:3      | Noticed Natasha
  1648 | D:3      | Reached skill level 3 in Long Blades
  1662 | D:3      | Killed Natasha
  1665 | D:3      | Noticed Natasha
  1670 | D:3      | Killed Natasha
  1671 | D:3      | Reached XP level 5. HP: 22/48 MP: 1/5
  2140 | D:3      | Found Tiohep's General Store.
  2143 | D:3      | Bought a potion of curing for 39 gold pieces
  2143 | D:3      | Bought a potion of berserk rage for 65 gold pieces
  2290 | D:4      | Noticed a black bear
  2294 | D:3      | Killed a black bear
  2295 | D:3      | Reached XP level 6. HP: 48/54 MP: 6/6
  2367 | D:4      | Reached skill level 5 in Armour
  2517 | D:4      | Reached skill level 4 in Long Blades
  2945 | D:4      | Found a hide-covered altar of Uskayaw.
  2952 | D:4      | Found a hazy altar of Hepliaklqana.
  2955 | D:4      | Found an ornate altar of the Wu Jian Council.
  2961 | D:4      | Became a worshipper of Hepliaklqana the Forgotten
  2990 | D:5      | Entered Level 5 of the Dungeon
  2997 | D:5      | Found a sand-covered staircase.
  3007 | Ossuary  | Entered an ossuary
  3077 | Ossuary  | Reached XP level 7. HP: 61/63 MP: 7/7
  3132 | Ossuary  | Reached skill level 5 in Shields
  3267 | Ossuary  | Reached skill level 5 in Long Blades
  3614 | D:5      | Reached * piety under Hepliaklqana
  3664 | D:5      | Found Deit's Antique Weapon Boutique.
  3681 | D:5      | Noticed Sigmund
  3691 | D:5      | Killed Sigmund
  3692 | D:5      | Reached XP level 8. HP: 62/64 MP: 8/8
  3862 | D:5      | Identified the +1 leather armour "Vawis" {+Blink Will+
                  | rCorr Stlth+}
  3984 | D:5      | Noticed Eustachio
  4018 | D:5      | Killed Eustachio
  4105 | D:5      | Reached skill level 6 in Long Blades
  4142 | D:5      | Reached skill level 5 in Fighting
  4181 | D:5      | Reached ** piety under Hepliaklqana
  4182 | D:5      | Remembered your ancestor Cletus as a hexer
  5367 | D:6      | Reached skill level 7 in Long Blades
  5367 | D:6      | Reached XP level 9. HP: 24/71 MP: 2/9
  5630 | D:7      | Noticed Menkaure
  5636 | D:7      | Killed Menkaure
  5794 | D:7      | Found a staircase to the Ecumenical Temple.
  5960 | D:7      | Found Zopruar's Magic Scroll Shop.
  6049 | D:7      | Bought a scroll of enchant armour for 105 gold pieces
  6049 | D:7      | Bought a scroll of identify for 28 gold pieces
  6049 | D:7      | Bought a scroll of identify for 28 gold pieces
  6049 | D:7      | Bought a scroll of identify for 28 gold pieces
  6049 | D:7      | Bought a scroll of enchant armour for 105 gold pieces
  6577 | D:8      | Found a flagged portal.
  6669 | Bailey   | Entered a bailey
  6683 | Bailey   | Reached *** piety under Hepliaklqana
  6779 | Bailey   | Reached skill level 8 in Long Blades
  6981 | Bailey   | Noticed an orc knight
  7329 | Bailey   | Killed an orc knight
  7330 | Bailey   | Reached XP level 10. HP: 81/81 MP: 6/10
  7369 | Bailey   | Identified the +2 trident of the Inviting Lamprey {flame,
                  | Str+2}
  7522 | D:8      | Noticed Pikel
  7533 | D:8      | Noticed Psyche
  7546 | D:8      | Killed Pikel
  7557 | D:8      | Killed Psyche
  7558 | D:8      | Reached skill level 9 in Long Blades
  8153 | D:8      | Upgraded the game from 0.30.0-13-g156ef70053 to
                  | 0.30.0-19-g36f170ea60
  8307 | D:9      | Found an opulent altar of Gozag.
  8309 | D:9      | Found a shimmering blue altar of Sif Muna.
  8410 | D:9      | Reached skill level 14 in Long Blades
  8410 | D:9      | Reached XP level 11. HP: 72/89 MP: 8/11
  8410 | D:9      | Reached XP level 12. HP: 78/97 MP: 8/12
  8637 | D:9      | Noticed a death yak
  8641 | D:9      | Noticed a death yak
  8642 | D:9      | Found a staircase to the Lair.
  8642 | D:9      | Noticed a death yak
  8794 | D:9      | Killed a death yak
  8799 | D:9      | Noticed a two-headed ogre
  8817 | D:9      | Killed a two-headed ogre
  8954 | D:9      | Reached **** piety under Hepliaklqana
  9652 | D:10     | Entered Level 10 of the Dungeon
  9672 | D:10     | Paralysed by a floating eye for 2 turns
  9675 | D:10     | Noticed a two-headed ogre
  9899 | D:9      | Killed a death yak
  9917 | D:9      | Killed a death yak
  9983 | Lair:1   | Entered Level 1 of the Lair of Beasts
 10028 | Lair:1   | Noticed a death yak
 10028 | Lair:1   | Noticed a death yak
 10031 | Lair:1   | Noticed a death yak
 10032 | Lair:1   | Noticed a death yak
 10033 | Lair:1   | Noticed a death yak
 10034 | Lair:1   | Noticed a death yak
 10092 | Lair:1   | Killed a death yak
 10093 | Lair:1   | Reached skill level 15 in Long Blades
 10093 | Lair:1   | Reached skill level 10 in Armour
 10109 | Lair:1   | Killed a death yak
 10119 | Lair:1   | Killed a death yak
 10120 | Lair:1   | Reached XP level 13. HP: 48/103 MP: 5/13
 10771 | Lair:1   | Reached ***** piety under Hepliaklqana
 10955 | Lair:1   | Reached skill level 10 in Shields
 11572 | Lair:2   | Reached skill level 1 in Invocations
 11684 | Lair:2   | Noticed Maggie
 12038 | Lair:2   | Killed Maggie
 12148 | Lair:2   | Found a staircase to the Swamp.
 12182 | Lair:2   | Found a transporter.
 12183 | Lair:2   | Noticed Gastronok
 12200 | Lair:2   | Killed Gastronok
 12329 | Lair:2   | Identified the +1 robe of the Arcane {+Blink Str+6 Slay-3}
 12488 | Lair:2   | Found a one-way gate to the infinite horrors of the Abyss.
 12488 | Lair:2   | Noticed Kazon's ghost (journeyman OpBr)
 12513 | Lair:2   | Found a transporter.
 13006 | Lair:2   | Killed Kazon's ghost
 13588 | Lair:3   | Found a staircase to the Snake Pit.
 13858 | Lair:3   | Reached skill level 5 in Invocations
 14381 | Lair:4   | Reached XP level 14. HP: 110/114 MP: 15/18
 14673 | Lair:4   | Identified the +1 scimitar of Nightmares {venom, Str+2}
 15204 | Lair:5   | Entered Level 5 of the Lair of Beasts
 15543 | Lair:5   | Identified the +1 helmet "Forget-Me-Not" {+Blink Regen+
                  | Str-2 Int+8}
 15591 | Lair:5   | Found a viscous altar of Jiyva.
 15591 | Lair:5   | Found a staircase to the Slime Pits.
 15780 | Lair:5   | Reached ****** piety under Hepliaklqana
 16629 | D:10     | Paralysed by a floating eye for 3 turns
 16638 | D:10     | Paralysed by a floating eye for 2 turns
 17389 | D:11     | Found a staircase to the Orcish Mines.
 17550 | D:11     | Reached skill level 10 in Fighting
 18086 | D:11     | Noticed Urug
 18100 | D:11     | Killed Urug
 18748 | D:12     | Identified a scroll of acquirement
 18751 | D:12     | Acquired a +0 pair of gloves of infusion
 18924 | D:12     | Identified the +7 morningstar of the Green God {holy,
                  | Contam rF++ rCorr SInv}
 19027 | D:12     | Found a bloodstained altar of Trog.
 20829 | D:13     | Found a gate to the Vaults.
 20904 | D:13     | Reached XP level 15. HP: 100/122 MP: 13/21
 21442 | D:13     | Reached skill level 16 in Long Blades
 21816 | D:13     | Reached skill level 10 in Invocations
 22120 | D:13     | Got the Omnibus of Conduction
 22519 | D:14     | Paralysed by a hornet for 1 turns
 22814 | D:14     | Found Nerghoak's Armour Emporium.
 22894 | D:14     | Bought a +2 plate armour of poison resistance for 518 gold
                  | pieces
 23239 | Abyss:2  | Cast into level 2 of the Abyss (a wizard)
 23319 | Abyss:2  | Gained mutation: You are frail. (-10% HP) [a neqoxec]
 23615 | D:14     | Escaped the Abyss
 24432 | Orc:1    | Entered Level 1 of the Orcish Mines
 24567 | Orc:1    | Noticed Nergalle
 24590 | Orc:1    | Killed Nergalle
 24647 | Orc:1    | Noticed Erica
 24658 | Orc:1    | Killed Erica
 24711 | Orc:1    | Noticed Sonja
 24717 | Abyss:2  | Cast into level 2 of the Abyss (Sonja)
 24727 | Orc:1    | Escaped the Abyss
 24728 | Orc:1    | Killed Sonja
 25024 | Orc:1    | Noticed Jorgrun
 25039 | Orc:1    | Killed Jorgrun
 25171 | Orc:2    | Entered Level 2 of the Orcish Mines
 25679 | Orc:2    | Found a staircase to the Elven Halls.
 25941 | Orc:2    | Reached XP level 16. HP: 88/119 MP: 10/24
 25941 | Orc:2    | Found Osiaweiqo's Book Emporium.
 26532 | Orc:2    | Found Gemozor's Weapon Emporium.
 26538 | Orc:2    | Found Enwuly's Jewellery Boutique.
 26538 | Orc:2    | Found Weidoalo's Distillery.
 26804 | Orc:2    | Bought a potion of curing for 39 gold pieces
 26804 | Orc:2    | Bought a potion of heal wounds for 65 gold pieces
 26804 | Orc:2    | Bought a potion of might for 52 gold pieces
 26814 | Orc:2    | Bought a manual of Dodging for 880 gold pieces
 26818 | Orc:2    | Bought the ring "Ilobe" {Fly Str+6 Dex-5 Stlth+} for 294
                  | gold pieces
 27348 | D:15     | Entered Level 15 of the Dungeon
 27367 | D:15     | Found a frozen archway.
 27440 | IceCv    | Entered an ice cave
 27540 | IceCv    | HP: 3/120 [alligator simulacrum (14)]
 28255 | IceCv    | Gained mutation: You are weak. (Str -2) [a neqoxec]
 28447 | IceCv    | Reached skill level 1 in Dodging
 28960 | IceCv    | Noticed an Ice Fiend
 28962 | IceCv    | Noticed an Ice Fiend
 29303 | IceCv    | HP: 2/120 [Ice Fiend (9)]
 29303 | IceCv    | Demolished by an Ice Fiend

Illustrated notes

Levels and vault maps discovered:
D:1:      spicycebolla_green_bress_n_ham, layout_loops_ring,
          shapermc_ecumenical_altar_mp_vishouse
D:2:      layout_basic, hex_intersection
D:3:      minmay_diamond_boxcup, layout_rooms, serial_shops,
          nicolae_shop_real_fake_doors, uniq_natasha
D:4:      layout_cave_pools, minitemple
D:5:      layout_gridville, gup_ossuary_entry_pyramid, serial_shops, shop,
          uniq_eustachio, uniq_sigmund
D:6:      layout_loops_ring
D:7:      layout_loops_ring, minmay_temple_entry_glassed_door, serial_shops,
          shop, uniq_menkaure
D:8:      layout_basic, enter_bailey_5, minmay_misc_feat_five, uniq_psyche,
          uniq_pikel
D:9:      minmay_general_purpose_star, layout_basic,
          chequers_temple_overflow_statue_of_worship, dpeg_lair_monsters,
          kennysheep_opposing_triangles
D:10:     layout_loops_corners, onia_ninara_cookie
D:11:     layout_basic, erik_orc_2, uniq_urug
D:12:     layout_loops_ring, serial_bayou, serial_bayou_shore_a,
          serial_bayou_crossing, serial_bayou_lagoon_b, serial_bayou_lagoon_a,
          serial_bayou_pond_a, trog_antimagical
D:13:     evilmike_diamond_1, layout_cave_pods,
          hangedman_vaults_entry_quadrant_bands
D:14:     layout_roguey, serial_shops, shop, kennysheep_minor_cross,
          hex_intersection
D:15:     hangedman_depths_entry_try_elsewhere_first, layout_loops_ring,
          portal_ice_cave_entry_pillars_1, gauntlet_entry_generic,
          nzn_wu_jian_contemplation
Lair:1:   kb_forest_paths, layout_layer_cave
Lair:2:   layout_roguey, minmay_swamp_entry_worms,
          gammafunk_ghost_abyssal_escape, uniq_maggie, uniq_gastronok
Lair:3:   layout_long_grid, guppyfry_snake_entry_island, nicolae_lair_lindhole
Lair:4:   layout_roguey
Lair:5:   gammafunk_lair_ancient_temple, layout_loops_ring,
          nicolae_slime_entry_field_trip
Orc:1:    layout_caves, uniq_sonja, uniq_nergalle, uniq_jorgrun, uniq_erica
Orc:2:    st_orc_elflike, layout_diamond_mine, basic_altar
IceCv:    ice_cave_small_demon

Skill      XL: |  1  2  3  4  5  6  7  8  9 10 11 12 13 14 15 16 |
---------------+-------------------------------------------------+-----
Long Blades    | 2 3 4 5 7 8 14 15 16 | 16.0
Armour         | 4 5 6 7 8 9 10 11 13 14 | 14.9
Fighting       | 3 4 5 6 7 9 10 11 | 11.6
Shields        | 4 5 6 7 8 9 10 12 13 | 13.7
Invocations    | 5 9 11 12 | 12.3
Dodging        | 1 |  1.7

Action                     |  1- 3 |  4- 6 |  7- 9 | 10-12 | 13-15 | 16-18 || total
---------------------------+-------+-------+-------+-------+-------+-------++-------
  Melee: Long sword        |   152 |   209 |   571 |   354 |   602 |       ||  1888
         Tailslap          |    10 |    28 |    84 |    81 |   364 |    51 ||   618
         Scimitar          |       |       |       |       |   378 |       ||   378
         Double sword      |       |       |       |       |   784 |   208 ||   992
 Invoke: Ancestor Life: He |       |       |     1 |       |       |       ||     1
         Ancestor Identity |       |       |     1 |       |       |       ||     1
         Recall Ancestor   |       |       |       |       |     2 |       ||     2
  Evoke: Wand              |       |     2 |     4 |     2 |    14 |     7 ||    29
    Use: Potion            |       |     2 |     5 |     1 |    13 |     8 ||    29
         Scroll            |       |    11 |    11 |     4 |    15 |     9 ||    50
   Stab: Confused          |       |       |     5 |     6 |    35 |     3 ||    49
         Distracted        |       |       |     4 |     4 |    23 |     4 ||    35
         Invisible         |       |       |     6 |       |    23 |     3 ||    32
         Paralysed         |       |       |       |       |    18 |    23 ||    41
         Petrified         |       |       |       |       |     8 |       ||     8
 Armour: Scale mail        |    86 |   140 |   180 |       |       |       ||   406
         Plate armour      |       |       |   121 |    96 |   729 |   130 ||  1076
  Dodge: Dodged            |    51 |    66 |   125 |    41 |   208 |    50 ||   541
  Block: Buckler           |    35 |       |       |       |       |    11 ||    46
         Kite shield       |     7 |   164 |   390 |   207 |  1183 |   180 ||  2131
